 Dungeon Crawl Stone Soup version 0.20.0-15-g7f486f2 (webtiles) character file.

409 Monsterracer the Cudgeler (level 6, -4/37 HPs)
             Began as a Gargoyle Fighter on June 9, 2017.
             Engulfed by a cloud of flame (11 damage)
             ... on level 4 of the Dungeon.
             The game lasted 00:06:22 (3424 turns).

Monsterracer the Cudgeler (Gargoyle Fighter)        Turns: 3424, Time: 00:06:23

Health: -4/37      AC: 14    Str: 20      XL:     6   Next: 89%
Magic:  6/6        EV:  7    Int:  5 (8)  God:
Gold:   179        SH:  9    Dex: 14 (15) Spells: 5/5 levels left

rFire    . . .     SeeInvis .   a - +1 flail
rCold    . . .     Gourm    .   c - +0 shield
rNeg     + . .     Faith    .   b - +0 scale mail
rPois    ∞         Spirit   .   (no helmet)
rElec    +         Reflect  .   n - +2 cloak
rCorr    .         Harm     .   (no gloves)
MR       .....                  (no boots)
Stlth    ++........             (no amulet)
Regen    0.2/turn               h - ring of stealth
MPRegen  0.1/turn               (no ring)

@: no status effects
A: thin skeletal structure 1, agile 1, negative energy resistance 1, electricity
resistance, unbreathing, petrification resistance, rot immunity, AC +4
a: no special abilities


You were on level 4 of the Dungeon.
You were near starving.

You visited 1 branch of the dungeon, and saw 4 of its levels.

You collected 179 gold pieces.

Inventory:

Hand Weapons
 a - a +1 flail (weapon)
Armour
 b - a +0 scale mail (worn)
 c - a +0 shield (worn)
 n - a +2 cloak (worn)
Jewellery
 h - a ring of stealth (left hand)
Wands
 o - a wand of iceblast (15/15)
Scrolls
 e - 2 scrolls of magic mapping {unknown}
 g - 3 scrolls of identify
 l - a scroll of immolation
 m - a scroll of recharging
 q - a scroll of teleportation
Potions
 d - a potion of might
Comestibles
 f - 2 bread rations
 i - 3 fruits
 k - 2 royal jellies
 r - a meat ration


   Skills:
 + Level 3.3 Fighting
 * Level 7.1 Maces & Flails
 + Level 3.2 Armour
 + Level 0.0 Dodging
 + Level 3.2 Shields


You had 5 spell levels left.
You didn't know any spells.

Dungeon Overview and Level Annotations

Branches:
Dungeon (4/15)
 Temple: D:4-7

Altars:
Hepliaklqana
Kikubaaqudgha


Innate Abilities, Weirdness & Mutations

You are resistant to torment.
Your stone body is resilient. (AC +4)
You are immune to poison.
You resist negative energy. (rN+)
You are resistant to electric shocks. (rElec)
You can survive without breathing.
You are immune to petrification.
You are immune to rotting.
You have a somewhat thin skeletal structure. (Dex +2, Stealth)
You are agile. (Dex +2)


Message History

Found 16 stones.
A quokka comes into view.
As you read the scroll labeled CAEC UPEITULEONA, it crumbles to dust.
The creatures around you are filled with an inner flame!
It was a scroll of immolation.
As you read the scroll labeled PAP MOILIOFESCH, it crumbles to dust.
It is a scroll of enchant armour.
Your +1 cloak glows green for a moment.
Found a short sword.
Found an escape hatch in the ceiling.
The helpless quokka fails to defend itself.
You hit the quokka but do no damage.
The quokka bites you but does no damage.
The quokka bites you.
You thump the quokka!
The quokka explodes!
The fiery explosion engulfs you!
Ouch! That really hurt!
* * * LOW HITPOINT WARNING * * *
You are engulfed in blazing flames.
You die...

### <.# #.#
#.# #.# #§#
#§# ##@##
##...#### #
##.....#.##
#.
#.....(...#
##.###
#......#.#.#
. ..#
#§#....##...
#.#.#
#.###..#.#
#)#
#.#.#####§#
##.##.# ##
#.....§§§#
##. #.#


There were no monsters in sight!

Vanquished Creatures
  Grinder (D:3)
  Natasha (thrice) (D:3)
  3 adders (D:2)
  2 oozes (D:2)
  4 worms
  2 dart slugs
  3 leopard geckos
  4 orcs (D:3)
  3 giant cockroaches
  8 hobgoblins
  15 jackals
  9 kobolds
  A quokka (D:4)
  A ball python (D:3)
  2 bats
  5 frilled lizards
  9 goblins
  8 rats
83 creatures vanquished.

Notes
Turn   | Place    | Note
-------+----------+-------------------------------------------
     0 | D:1      | Monsterracer the Gargoyle Fighter began the quest for the Orb.
     0 | D:1      | Reached XP level 1. HP: 14/14 MP: 1/1
     0 | D:1      | Noticed a vine stalker
     0 | D:1      | Noticed a felid
     3 | D:1      | Noticed a formicid
     8 | D:1      | Noticed a troll
    18 | D:1      | Noticed a gargoyle
    20 | D:1      | Noticed a centaur
   152 | D:1      | Reached XP level 2. HP: 19/19 MP: 2/2
   208 | D:1      | Reached skill level 3 in Maces & Flails
   400 | D:1      | Reached XP level 3. HP: 18/23 MP: 3/3
   964 | D:2      | Reached skill level 4 in Maces & Flails
  1026 | D:2      | Reached XP level 4. HP: 20/28 MP: 4/4
  1737 | D:3      | Noticed Natasha
  1751 | D:3      | Killed Natasha
  1751 | D:3      | Reached skill level 5 in Maces & Flails
  1751 | D:3      | Reached XP level 5. HP: 20/32 MP: 5/5
  1845 | D:3      | Noticed Natasha
  1873 | D:3      | Killed Natasha
  1969 | D:3      | Noticed Natasha
  1982 | D:3      | Killed Natasha
  2515 | D:3      | Gained mutation: You are agile. (Dex +2) [potion of mutation]
  2515 | D:3      | Gained mutation: You have a somewhat thin skeletal structure. (Dex +2, Stealth) [potion of mutation]
  2515 | D:3      | Lost mutation: You are agile. (Dex +2) [potion of mutation]
  2515 | D:3      | Gained mutation: You are agile. (Dex +2) [potion of mutation]
  2903 | D:3      | Found an ancient bone altar of Kikubaaqudgha.
  2911 | D:3      | Found a hazy altar of Hepliaklqana.
  2961 | D:3      | Noticed Grinder
  2975 | D:3      | Killed Grinder
  2975 | D:3      | Reached skill level 7 in Maces & Flails
  2975 | D:3      | Reached XP level 6. HP: 23/37 MP: 6/6
  3424 | D:4      | Engulfed by a cloud of flame

Skill      XL: |  1  2  3  4  5 |
---------------+----------------+-----
Maces & Flails | 3 4 5 7 |  7.1
Fighting       | |  3.3
Armour         | |  3.2
Shields        | |  3.2

Action                   |  1- 3 |  4- 6 || total
-------------------------+-------+-------++-------
Melee: Flail             |   136 |   198 ||   334
  Use: Potion            |     2 |     4 ||     6
       Scroll            |       |     7 ||     7
 Stab: Sleeping          |       |     1 ||     1
  Eat: Chunk             |     1 |     6 ||     7
Armor: Scale mail        |    66 |    99 ||   165
Dodge: Dodged            |    38 |    48 ||    86
Block: Shield            |    58 |    92 ||   150
